 Seeded DCSS version 0.29-a0-1023-g6ae1a4a2c7 (webtiles) character file.

Game seed: 20220811 (custom seed)

7 flotson the Sneak (level 1, -2/18 HPs)
             Began as a Demonspawn Delver on Aug 11, 2022.
             Slain by an orc
             ... wielding a +0 mace
              (4 damage)
             ... on level 4 of the Dungeon.
             The game lasted 00:01:04 (361 turns).

flotson the Sneak (Demonspawn Delver)                Turns: 361, Time: 00:01:05

Health: -2/18      AC:  3    Str: 12    XL:     1   Next: 83%
Magic:  1/1        EV: 11    Int: 11    God:
Gold:   0          SH:  0    Dex: 14    Spells: 0/0 levels left

rFire   . . .      SeeInvis .   a - +0 hand axe
rCold   . . .      Faith    .   (no shield)
rNeg    . . .      Spirit   .   b - +0 leather armour
rPois   .          Reflect  .   (no helmet)
rElec   .          Harm     .   (no cloak)
rCorr   .          Rampage  .   (no gloves)
Will    .....                   (no boots)
Stlth   +.........              (no amulet)
HPRegen 0.06/turn               (no ring)
MPRegen 0.07/turn               (no ring)

@: confused
A: no striking features
a: no special abilities


You were on level 4 of the Dungeon.
You visited 1 branch of the dungeon, and saw 2 of its levels.

Inventory:

Hand Weapons
 a - a +0 hand axe (weapon)
Armour
 b - a +0 leather armour (worn)
Wands
 g - a wand of digging (3)
Scrolls
 c - 2 scrolls of fog
 d - a scroll of magic mapping
 e - a scroll of immolation {unknown}
 h - a scroll of amnesia {unknown}
Potions
 f - a potion of flight {unknown}


   Skills:
 + Level 3.1 Fighting
 + Level 1.9 Axes
 + Level 0.3 Armour
 + Level 1.9 Dodging
 - Level 4.5 Stealth
 + Level 0.4 Evocations


You couldn't memorise any spells.
You didn't know any spells.
Your spell library was empty.

Dungeon Overview and Level Annotations

Branches:
Dungeon (5/15)
 Temple: D:4-7

Altars:


Message History

You hit the orc.
You kill the orc!
Unknown command.
No target in view!
Unknown command.
No target in view!
f - a glowing blue potion You see here a +0 mace.
An orc comes into view. It is wielding a +0 war axe.
An orc comes into view. It is wielding a +0 mace.
The orc shouts!
The orc moves out of view.
An orc is nearby!
The orc throws a boomerang.
The boomerang hits you.
An orc comes into view. It is wielding a +0 hand axe.
You see here a ball python corpse.
An orc wizard comes into view.
It is wielding a +0 dagger and carrying a wand of paralysis (12).
A quokka comes into view.
You closely miss the orc. The orc hits you with a +0 mace.
You closely miss the orc. The orc closely misses you.
The orc hits you with a +0 mace.
You hit the orc.
The orc is severely wounded.
The orc misses you.
The orc wizard mumbles some strange words.
The orc wizard flickers and vanishes!
Deactivating autopickup; reactivate with Ctrl-A.
Unknown command.
The orc attacks as you move away! The orc completely misses you.
You see here a +0 mace.
The orc shouts!
The orc hits you with a +0 mace. The orc attacks as you move away!
The orc hits you with a +0 mace.
* * * LOW HITPOINT WARNING * * *
You are confused.
The orc attacks as you move away! The orc hits you with a +0 mace.
* * * LOW HITPOINT WARNING * * *
There is a stone staircase leading down here.
The orc hits you with a +0 mace.
You die...

... ... .# .. ...
##.# #.### #..##
.#.... ....### #.
......##.#...#...
#....@...#.#.#.
#....o...#.....
#..............
#.####.##o##......
#..##..#.....#....
##.......#.#......
.....r.##†)###....
......o..##......
###...###...#


You could see 2 orcs and a quokka.

Vanquished Creatures
  2 orcs (D:4)
  A ball python (D:4)
  A goblin (D:4)
4 creatures vanquished.

Notes
Turn   | Place    | Note
-------+----------+-------------------------------------------
     0 | D:5      | flotson the Demonspawn Delver began the quest for the Orb.
     0 | D:5      | Reached XP level 1. HP: 18/18 MP: 1/1
    28 | D:5      | Noticed an orc wizard
    28 | D:5      | Noticed an orc wizard
    29 | D:5      | Noticed an orc priest
    30 | D:5      | Noticed an orc priest
   349 | D:4      | Noticed an orc wizard
   361 | D:4      | Slain by an orc

Illustrated notes

Levels and vault maps discovered:
D:4:      layout_rooms, uniq_menkaure
D:5:      layout_cave_pools, zin_academy, nicolae_ossuary_entry_ruins,
          due_unseen_surprise

Action                   || total
-------------------------++-------
Melee: Hand axe          ||     8
  Use: Scroll            ||     1
       Potion            ||     1
Armor: Leather armour    ||     1
Dodge: Dodged            ||     7

Table legend: (Time is in decaauts)
 A = Elapsed time spent in this place.
 B = Non-inter-level travel time spent in this place.
 C = Inter-level travel time spent in this place.
 D = Time resting spent in this place.
 E = Time spent auto-exploring this place.
 F = Levels seen in this place.
 G = Mean time per level.
                   A        B        C        D        E       F      G
               +--------+--------+--------+--------+--------+-----+--------+
         Total |    343 |    343 |      0 |    206 |     43 |   2 |  171.5 |
       Dungeon |    343 |    343 |      0 |    206 |     43 |   2 |  171.5 |
               +--------+--------+--------+--------+--------+-----+--------+

Top non-repeatable levels by time:
     D:4: 311 daAuts
     D:5: 32 daAuts
